TOP OF THE 1ST |
Durham Bulls batting - Pitching for Nashville Sounds : RHP Joe Pattullo
|
Pitching: RHP Joe Pattullo
|
|
Batting: RHB Danny Diaz
|
0-0: Ball 1-0: Ball 2-0: Called Strike 2-1: Ball 3-1: Fly out, F8 (Flyball, 8LM, EV 88.8 MPH)
|
Batting: RHB Jeff Brower
|
0-0: SINGLE (Groundball, 3D, EV 101.2 MPH)
|
Batting: RHB Steve French
|
0-0: Foul Ball, location: 2F 0-1: Called Strike 0-2: Foul Ball, location: 2F 0-2: Foul Ball, location: 2F 0-2: Grounds into double play, 4-6-3 (Groundball, 4, EV 92.5 MPH)
|
Top of the 1st over - 0 runs, 1 hit, 0 errors, 0 left on base; Durham 0 - Nashville 0 |
BOTTOM OF THE 1ST |
Nashville Sounds batting - Pitching for Durham Bulls : RHP David Breaux
|
Pitching: RHP David Breaux
|
|
Batting: RHB Jeff Garofalo
|
0-0: Swinging Strike 0-1: Swinging Strike 0-2: Ball 1-2: Ball 2-2: Foul Ball, location: 2F 2-2: Ball 3-2: Strikes out looking
|
Batting: SHB Quincy Bradford
|
0-0: Called Strike 0-1: Called Strike 0-2: Fly out, F3 (Popup, 3F, EV 81.2 MPH)
|
Batting: LHB Isto Mäyrä
|
0-0: Ball 1-0: Foul Ball, location: 2F 1-1: Swinging Strike 1-2: Ball 2-2: Strikes out swinging
|
Bottom of the 1st over - 0 runs, 0 hits, 0 errors, 0 left on base; Durham 0 - Nashville 0 |
TOP OF THE 2ND |
Durham Bulls batting - Pitching for Nashville Sounds : RHP Joe Pattullo
|
Batting: LHB Bill Armijo
|
0-0: Ball 1-0: Swinging Strike 1-1: Ball 2-1: Ball 3-1: Base on Balls
|
Batting: RHB Jesse Basich
|
0-0: Ball 1-0: SINGLE (Groundball, 3, EV 96.2 MPH) Bill Armijo to second Runner from 2nd tries for 3rd, SAFE, throw by RF made to third Jesse Basich to second
|
Batting: SHB Willie Koviak
|
0-0: Swinging Strike 0-1: Ball 1-1: Called Strike 1-2: Ball 2-2: Ball 3-2: Strikes out swinging
|
Batting: LHB Danny Hull
|
0-0: Ball Wild Pitch! Bill Armijo scores Jesse Basich to third 1-0: Swinging Strike 1-1: Swinging Strike 1-2: Ball 2-2: Strikes out swinging
|
Batting: LHB Angel Ruvalcaba
|
0-0: Ball 1-0: Ball 2-0: Ground out 5-3 (Groundball, 56, EV 99.4 MPH)
|
Top of the 2nd over - 1 run, 1 hit, 0 errors, 1 left on base; Durham 1 - Nashville 0 |
BOTTOM OF THE 2ND |
Nashville Sounds batting - Pitching for Durham Bulls : RHP David Breaux
|
Batting: RHB Dusty Thompson
|
0-0: Ball 1-0: Fly out, F9 (Flyball, 9LM, EV 81.2 MPH)
|
Batting: RHB Colin Boddy
|
0-0: Swinging Strike 0-1: Ball 1-1: DOUBLE (Groundball, 5L, EV 107.5 MPH)
|
Batting: LHB Paul Perry
|
0-0: Ground out 5-3 (Groundball, 56, EV 105.6 MPH)
|
Batting: SHB Gregg Whitecotton
|
0-0: Ball 1-0: Foul Ball, location: 2F 1-1: Ground out U3 (Groundball, 3L, EV 84.4 MPH)
|
Bottom of the 2nd over - 0 runs, 1 hit, 0 errors, 1 left on base; Durham 1 - Nashville 0 |
TOP OF THE 3RD |
Durham Bulls batting - Pitching for Nashville Sounds : RHP Joe Pattullo
|
Batting: RHB Jesse Haddad
|
0-0: Foul Ball, location: 2F 0-1: Foul Ball, location: 2F 0-2: Ground out 6-3 (Groundball, 6, EV 85.0 MPH)
|
Batting: RHB Danny Diaz
|
0-0: Ball 1-0: Ground out 4-3 (Groundball, 4, EV 101.9 MPH)
|
Batting: RHB Jeff Brower
|
0-0: Ball 1-0: Called Strike 1-1: Ball 2-1: Foul Ball, location: 2F 2-2: Foul Ball, location: 2F 2-2: Foul Ball, location: 2F 2-2: Ball 3-2: Foul Ball, location: 2F 3-2: Ground out 6-3 (Groundball, 6MS, EV 83.1 MPH)
|
Top of the 3rd over - 0 runs, 0 hits, 0 errors, 0 left on base; Durham 1 - Nashville 0 |
BOTTOM OF THE 3RD |
Nashville Sounds batting - Pitching for Durham Bulls : RHP David Breaux
|
Batting: RHB Antonio Gomez
|
0-0: Ground out 2-3 (Groundball, 2L, EV 68.8 MPH)
|
Batting: RHB Daniel Barger
|
0-0: Ball 1-0: Ball 2-0: Ball 3-0: Called Strike 3-1: Ground out 4-3 (Groundball, 4S, EV 81.9 MPH)
|
Batting: RHB Jeff Garofalo
|
0-0: Called Strike 0-1: Ball 1-1: Called Strike 1-2: Ball 2-2: Ball 3-2: Foul Ball, location: 2F 3-2: SINGLE (Groundball, 56S, EV 76.2 MPH) (infield hit)
|
Batting: SHB Quincy Bradford
|
0-0: Ball 1-0: Called Strike 1-1: Ball 2-1: Ground out 4-3 (Groundball, 4S, EV 88.8 MPH)
|
Bottom of the 3rd over - 0 runs, 1 hit, 0 errors, 1 left on base; Durham 1 - Nashville 0 |
TOP OF THE 4TH |
Durham Bulls batting - Pitching for Nashville Sounds : RHP Joe Pattullo
|
Batting: RHB Steve French
|
0-0: Foul Ball, location: 2F 0-1: Foul Ball, location: 2F 0-2: Ball 1-2: Strikes out swinging
|
Batting: LHB Bill Armijo
|
0-0: Called Strike 0-1: Ball 1-1: Ball 2-1: Fly out, F7 (Flyball, 7LS, EV 92.5 MPH)
|
Batting: RHB Jesse Basich
|
0-0: Foul Ball, location: 2F 0-1: Ball 1-1: Ball 2-1: DOUBLE (Line Drive, 7LM, EV 113.1 MPH)
|
Batting: SHB Willie Koviak
|
0-0: Called Strike 0-1: Ball 1-1: Ball 2-1: Foul Ball, location: 2F 2-2: Strikes out swinging
|
Top of the 4th over - 0 runs, 1 hit, 0 errors, 1 left on base; Durham 1 - Nashville 0 |
BOTTOM OF THE 4TH |
Nashville Sounds batting - Pitching for Durham Bulls : RHP David Breaux
|
Batting: LHB Isto Mäyrä
|
0-0: Called Strike 0-1: Swinging Strike 0-2: Fly out, F6 (Line Drive, 4, EV 72.5 MPH)
|
Batting: RHB Dusty Thompson
|
0-0: Ball 1-0: Ball 2-0: Ground out 4-3 (Groundball, 4, EV 106.2 MPH)
|
Batting: RHB Colin Boddy
|
0-0: Ball 1-0: Fly out, F8 (Flyball, 89D, EV 91.2 MPH)
|
Bottom of the 4th over - 0 runs, 0 hits, 0 errors, 0 left on base; Durham 1 - Nashville 0 |
TOP OF THE 5TH |
Durham Bulls batting - Pitching for Nashville Sounds : RHP Joe Pattullo
|
Batting: LHB Danny Hull
|
0-0: Ball 1-0: Called Strike 1-1: Ground out 6-3 (Groundball, 6, EV 79.4 MPH)
|
Batting: LHB Angel Ruvalcaba
|
0-0: Ball 1-0: Called Strike 1-1: Fly out, F9 (Flyball, 9LM, EV 103.1 MPH)
|
Batting: RHB Jesse Haddad
|
0-0: Ball 1-0: Foul Ball, location: 2F 1-1: Ground out 2-3 (Groundball, 15S, EV 70.0 MPH)
|
Top of the 5th over - 0 runs, 0 hits, 0 errors, 0 left on base; Durham 1 - Nashville 0 |
BOTTOM OF THE 5TH |
Nashville Sounds batting - Pitching for Durham Bulls : RHP David Breaux
|
Batting: LHB Paul Perry
|
0-0: Called Strike 0-1: Ball 1-1: Ball 2-1: Ground out 5-3 (Groundball, 56S, EV 83.1 MPH)
|
Batting: SHB Gregg Whitecotton
|
0-0: Ball 1-0: SINGLE (Line Drive, 34D, EV 108.1 MPH)
|
Batting: RHB Antonio Gomez
|
0-0: Called Strike 0-1: Ball 1-1: Ball 2-1: Ball 3-1: Foul Ball, location: 2F 3-2: Foul Ball, location: 2F 3-2: Strikes out swinging
|
Batting: RHB Daniel Barger
|
0-0: Ball 1-0: Ground out 5-3 (Groundball, 56S, EV 90.6 MPH)
|
Bottom of the 5th over - 0 runs, 1 hit, 0 errors, 1 left on base; Durham 1 - Nashville 0 |
TOP OF THE 6TH |
Durham Bulls batting - Pitching for Nashville Sounds : RHP Joe Pattullo
|
Batting: RHB Danny Diaz
|
0-0: Ball 1-0: Ball 2-0: Swinging Strike 2-1: Foul Ball, location: 2F 2-2: Foul Ball, location: 2F 2-2: Ball 3-2: SINGLE (Groundball, 4M, EV 94.4 MPH)
|
Batting: RHB Jeff Brower
|
0-0: Called Strike 0-1: Foul Ball, location: 2F 0-2: Ball 1-2: Foul Ball, location: 2F 1-2: Foul Ball, location: 2F 1-2: Foul Ball, location: 2F 1-2: Fielders Choice at 2nd, 3-6 (Groundball, 34, EV 82.5 MPH)
|
Batting: RHB Steve French
|
0-0: Ball 1-0: Foul Ball, location: 2F 1-1: Ball 2-1: Ball 3-1: Base on Balls Jeff Brower to second
|
Batting: LHB Bill Armijo
|
0-0: Called Strike 0-1: Foul Ball, location: 2F 0-2: Ball 1-2: Fielders Choice at 2nd, 4-6 (Groundball, 4, EV 80.0 MPH) Jeff Brower to third
|
Pitching: RHP Tyler Smith
|
|
Batting: RHB Jesse Basich
|
0-0: Ball 1-0: Called Strike 1-1: Ball 2-1: Ball 3-1: Ground out 5-3 (Groundball, 56S, EV 82.5 MPH)
|
Top of the 6th over - 0 runs, 1 hit, 0 errors, 2 left on base; Durham 1 - Nashville 0 |
BOTTOM OF THE 6TH |
Nashville Sounds batting - Pitching for Durham Bulls : RHP David Breaux
|
Batting: RHB Jeff Garofalo
|
0-0: Ball 1-0: Ball 2-0: Called Strike 2-1: SINGLE (Line Drive, 4D, EV 101.2 MPH)
|
Batting: SHB Quincy Bradford
|
0-0: Ball 1-0: Called Strike 1-1: Fly out, F8 (Line Drive, 8LD, EV 100.0 MPH)
|
Batting: LHB Isto Mäyrä
|
0-0: Foul Ball, location: 2F 0-1: Foul Ball, location: 2F 0-2: Ball 1-2: Foul Ball, location: 2F 1-2: Foul Ball, location: 2F 1-2: Foul Ball, location: 2F 1-2: Strikes out swinging
|
Batting: RHB Dusty Thompson
|
0-0: Ball Jeff Garofalo is caught stealing 2nd base 2-4
|
Bottom of the 6th over - 0 runs, 1 hit, 0 errors, 0 left on base; Durham 1 - Nashville 0 |
TOP OF THE 7TH |
Durham Bulls batting - Pitching for Nashville Sounds : RHP Tyler Smith
|
Batting: SHB Willie Koviak
|
0-0: Called Strike 0-1: Ball 1-1: Foul Ball, location: 2F 1-2: Ball 2-2: Ball 3-2: Strikes out looking
|
Batting: LHB Danny Hull
|
0-0: Called Strike 0-1: Called Strike 0-2: Ball 1-2: Ball 2-2: Foul Ball, location: 2F 2-2: Ground out U3 (Groundball, 3L, EV 101.2 MPH)
|
Batting: LHB Angel Ruvalcaba
|
0-0: Foul Ball, location: 2F 0-1: Swinging Strike 0-2: Strikes out swinging
|
Top of the 7th over - 0 runs, 0 hits, 0 errors, 0 left on base; Durham 1 - Nashville 0 |
BOTTOM OF THE 7TH |
Nashville Sounds batting - Pitching for Durham Bulls : RHP David Breaux
|
Batting: RHB Dusty Thompson
|
0-0: Foul Ball, location: 2F 0-1: Ground out 5-3 (Groundball, 56S, EV 83.1 MPH)
|
Batting: RHB Colin Boddy
|
0-0: Reached on error, E6 (Groundball, 6, EV 91.9 MPH)
|
Batting: LHB Paul Perry
|
0-0: Called Strike 0-1: Swinging Strike 0-2: Ball 1-2: Foul Ball, location: 2F 1-2: Ball 2-2: Foul Ball, location: 2F 2-2: Foul Ball, location: 2F 2-2: Grounds into double play, 4-6-3 (Groundball, 4M, EV 91.9 MPH)
|
Bottom of the 7th over - 0 runs, 0 hits, 1 error, 0 left on base; Durham 1 - Nashville 0 |
TOP OF THE 8TH |
Durham Bulls batting - Pitching for Nashville Sounds : RHP Tyler Smith
|
Batting: RHB Jesse Haddad
|
0-0: Called Strike 0-1: Ball 1-1: Ball 2-1: Foul Ball, location: 2F 2-2: Strikes out swinging
|
Batting: RHB Danny Diaz
|
0-0: Foul Ball, location: 2F 0-1: Foul Ball, location: 2F 0-2: Foul Ball, location: 2F 0-2: Ball 1-2: Foul Ball, location: 2F 1-2: Strikes out swinging
|
Batting: RHB Jeff Brower
|
0-0: Foul Ball, location: 2F 0-1: Ball 1-1: Fly out, F8 (Flyball, 8LS, EV 90.6 MPH)
|
Top of the 8th over - 0 runs, 0 hits, 0 errors, 0 left on base; Durham 1 - Nashville 0 |
BOTTOM OF THE 8TH |
Nashville Sounds batting - Pitching for Durham Bulls : RHP David Breaux
|
Batting: SHB Gregg Whitecotton
|
0-0: Called Strike 0-1: Swinging Strike 0-2: Foul Ball, location: 2F 0-2: Ball 1-2: Foul Ball, location: 2F 1-2: Ball 2-2: Ball 3-2: SINGLE (Groundball, 4D, EV 107.5 MPH)
|
Batting: RHB Antonio Gomez
|
0-0: Bunted foul 0-1: Bunted foul 0-2: Ball 1-2: Foul Ball, location: 2F 1-2: Ball 2-2: Ball 3-2: Base on Balls Gregg Whitecotton to second
|
Batting: RHB Daniel Barger
|
0-0: Bunted foul 0-1: Bunted foul 0-2: Ball 1-2: Foul Ball, location: 2F 1-2: Ball 2-2: Grounds into double play, 4-6-3 (Groundball, 4, EV 83.1 MPH) Gregg Whitecotton to third
|
Batting: RHB Jeff Garofalo
|
0-0: Ground out 6-3 (Groundball, 6S, EV 85.6 MPH)
|
Bottom of the 8th over - 0 runs, 1 hit, 0 errors, 1 left on base; Durham 1 - Nashville 0 |
TOP OF THE 9TH |
Durham Bulls batting - Pitching for Nashville Sounds : RHP Tyler Smith
|
Pitching: RHP Martin Goyer
|
|
Batting: RHB Steve French
|
0-0: Ground out 6-3 (Groundball, 6M, EV 107.5 MPH)
|
Batting: LHB Bill Armijo
|
0-0: Swinging Strike 0-1: SINGLE (Groundball, 34D, EV 101.2 MPH)
|
Batting: RHB Jesse Basich
|
0-0: Called Strike 0-1: Swinging Strike 0-2: Strikes out swinging
|
Batting: SHB Willie Koviak
|
0-0: Ball 1-0: Fly out, F7 (Flyball, 78D, EV 110.0 MPH)
|
Top of the 9th over - 0 runs, 1 hit, 0 errors, 1 left on base; Durham 1 - Nashville 0 |
BOTTOM OF THE 9TH |
Nashville Sounds batting - Pitching for Durham Bulls : RHP David Breaux
|
Pitching: RHP Justin Stone
|
|
Batting: SHB Quincy Bradford
|
0-0: Called Strike 0-1: Swinging Strike 0-2: Ball 1-2: Ball 2-2: Strikes out swinging
|
Batting: LHB Isto Mäyrä
|
0-0: Foul Ball, location: 2F 0-1: Fly out, F7 (Flyball, 78M, EV 84.4 MPH)
|
Batting: RHB Dusty Thompson
|
0-0: Called Strike 0-1: Ball 1-1: Ball 2-1: Foul Ball, location: 2F 2-2: Fly out, F7 (Flyball, 78S, EV 88.8 MPH)
|
Bottom of the 9th over - 0 runs, 0 hits, 0 errors, 0 left on base; Durham 1 - Nashville 0 |
|